 Dungeon Sprint DCSS version 0.18-a0-1372-gd644665 (webtiles) character file.

262 Oracle the Basher (level 5, 0/53 HPs)
             Began as a Troll Gladiator on Feb 21, 2016.
             Slain by a slime creature (15 damage)
             ... in the Dungeon (Sprint I: "Red Sonja").
             The game lasted 00:00:45 (383 turns).

Oracle the Basher (Troll Gladiator)                  Turns: 383, Time: 00:00:45

Health: 0/53       AC:  5    Str: 24    XL:     5   Next: 97%
Magic:  4/4        EV: 12    Int:  4    God:
Gold:   162        SH:  0    Dex: 10    Spells: 0 memorised, 4 levels left

rFire  . . .     SeeInvis .     l - +0 giant club
rCold  . . .     Gourm    +     b - +0 robe
rNeg   . . .     Faith    .     (shield currently unavailable)
rPois  .         Spirit   .     c - +0 hat
rElec  .         Dismiss  .     (no cloak)
rCorr  .         Reflect  .     (gloves unavailable)
SustAt .         Harm     .     (boots unavailable)
MR     .....     NoTele   +     (no amulet)
Stlth  +.........               (no ring)
                                (no ring)

@: not resistant to hostile enchantments, very unstealthy
A: unfitting armour, claws 3, fast metabolism 3, gourmand, regeneration 2,
shaggy fur 1, tough skin 2
a: no special abilities


You were in the Dungeon.
You were hungry.

You visited 1 branch You collected 162 gold pieces.

Inventory:

Hand Weapons
 a - a +0 flail
 l - a +0 giant club (weapon)
Missiles
 d - 3 throwing nets (quivered)
Armour
 b - a +0 robe (worn)
 c - a +0 hat (worn)
Scrolls
 k - a scroll of blinking
Potions
 e - a potion of curing
 g - a potion of heal wounds
 h - a potion of haste
 i - 2 potions of magic
 j - a potion of berserk rage
Comestibles
 f - 2 bread rations


   Skills:
 + Level 3.3 Fighting
 * Level 9.0 Maces & Flails
 - Level 1.7 Throwing
 + Level 6.5 Dodging


You had 4 spell levels left.
You didn't know any spells.

Dungeon Overview and Level Annotations

Branches:
Dungeon (1/1)

Altars:
Cheibriados
Dithmenos
Fedhas
Jiyva


Innate Abilities, Weirdness & Mutations

You are too large for most types of armour.
You have claws for hands.
Your metabolism is lightning-fast.
You like to eat raw meat.
You heal very quickly.
You are covered in fur (AC +1).
You have very tough skin (AC +2).


Message History

A slime creature comes into view.
The slime creature quivers.
Found four altars.
Eat which item? (? for menu, Esc to quit)
Okay, then.
The slime creature hits you!!
There is an open door, spattered with blood here.
You sock the slime creature!
The slime creature is moderately wounded.
The slime creature hits you!!
* * * LOW HITPOINT WARNING * * *
You are too injured to fight recklessly!
You are too injured to fight recklessly!
You are too injured to fight recklessly!
You are too injured to fight recklessly!
You are too injured to fight recklessly!
You barely miss the slime creature.
The slime creature is moderately wounded.
The slime creature hits you!
You die...

###################
#<.#..'÷.#.)'..#__#
#..').#..'..#..@J.+
#..#####'#####+#__#
#..# #..# ### #..#
#### #..# #⌠⌠# ####


You could see a slime creature.

Vanquished Creatures
  Sigmund (D)
  An ogre (D)
  Ijyb (D)
3 creatures vanquished.

Notes
Turn   | Place    | Note
--------------------------------------------------------------
     0 | D        | Oracle the Troll Gladiator began the quest for the Orb.
     0 | D        | Reached XP level 1. HP: 19/19 MP: 0/0
     2 | D        | Noticed Ijyb
    36 | D        | Killed Ijyb
    36 | D        | Reached skill level 4 in Maces & Flails
    36 | D        | Reached XP level 2. HP: 16/28 MP: 1/1
    90 | D        | Noticed an ogre
    98 | D        | Killed an ogre
    98 | D        | Reached skill level 6 in Maces & Flails
    98 | D        | Reached skill level 5 in Dodging
    98 | D        | Reached XP level 3. HP: 4/36 MP: 2/2
    98 | D        | Reached XP level 4. HP: 4/44 MP: 3/3
   172 | D        | Noticed Sigmund
   180 | D        | Killed Sigmund
   180 | D        | Reached skill level 9 in Maces & Flails
   180 | D        | Reached XP level 5. HP: 10/53 MP: 4/4
   380 | D        | Found a snail-covered altar of Cheibriados.
   380 | D        | Found a viscous altar of Jiyva.
   380 | D        | Found a shadowy altar of Dithmenos.
   380 | D        | Found a blossoming altar of Fedhas.
   380 | D        | Noticed a slime creature
   383 | D        | Slain by a slime creature

Vault maps used:
D:        dungeon_sprint_1

Action                   |  1- 3 |  4- 6 || total
-------------------------+-------+-------++-------
Melee: Flail             |    40 |       ||    40
       Giant club        |       |     8 ||     8
